 Dungeon Crawl Stone Soup version 0.23.2-1-ga50397a6bc (webtiles) character file.

Game seed: 7420665252624955961

96 Kobolds4U the Sneak (level 4, -3/22 HPs)
             Began as a Spriggan Assassin on Apr 28, 2019.
             Slain by an iguana (11 damage)
             ... on level 2 of the Dungeon.
             The game lasted 00:04:19 (2326 turns).

Kobolds4U the Sneak (Spriggan Assassin)             Turns: 2326, Time: 00:04:19

Health: -3/22      AC:  3    Str:  7    XL:     4   Next: 41%
Magic:  5/5        EV: 19    Int: 12    God:
Gold:   113        SH:  0    Dex: 18    Spells: 3/3 levels left

rFire    . . .     SeeInvis +   a - +2 dagger
rCold    . . .     Gourm    .   (shield restricted)
rNeg     . . .     Faith    .   c - +0 robe
rPois    .         Spirit   .   (helmet restricted)
rElec    .         Reflect  .   d - +0 cloak
rCorr    .         Harm     .   (gloves unavailable)
MR       .....                  (boots unavailable)
Stlth    ++++......             (no amulet)
HPRegen  0.07/turn              (no ring)
MPRegen  0.09/turn              (no ring)

@: very quick
A: very small, unfitting armour, see invisible, herbivore, speed 3, slow
metabolism 2
a: no special abilities


You were on level 2 of the Dungeon.
You were not hungry.

You visited 1 branch of the dungeon, and saw 2 of its levels.

You collected 113 gold pieces.

Inventory:

Hand Weapons
 a - a +2 dagger (weapon)
 b - a +0 blowgun
Missiles
 e - 24 poisoned needles
 f - 2 curare-tipped needles
Armour
 c - a +0 robe (worn)
 d - a +0 cloak (worn)
Jewellery
 k - an uncursed ring of fire
Scrolls
 h - 4 scrolls of identify {unknown}
 i - 3 scrolls of remove curse {unknown}
 j - a scroll of blinking {unknown}
 m - a scroll of teleportation {unknown}
 n - a scroll of enchant weapon {unknown}
Potions
 l - a potion of magic {unknown}
Comestibles
 g - 4 rations


   Skills:
 - Level 1.5 Fighting
 - Level 3.2 Short Blades
 - Level 2.0 Throwing
 + Level 3.5 Dodging
 * Level 7.4 Stealth


You had 3 spell levels left.
You didn't know any spells.
Your spell library was empty.

Dungeon Overview and Level Annotations

Branches:
Dungeon (2/15)

Altars:


Innate Abilities, Weirdness & Mutations

You are very small and have problems with some larger weapons.
You are too small for most types of armour.
You have supernaturally acute eyesight. (SInv)
You are a herbivore.
You cover ground extremely quickly.
You need to consume almost no food.


Message History

The iguana is heavily wounded.
The iguana bites you!
You are too injured to fight recklessly!
You are too injured to fight recklessly!
You are too injured to fight recklessly!
You are too injured to fight recklessly!
You are too injured to fight recklessly!
You are too injured to fight recklessly!
You are too injured to fight recklessly!
You are too injured to fight recklessly!
You are too injured to fight recklessly!
You are too injured to fight recklessly!
You hit the iguana but do no damage.
The iguana is heavily wounded.
The iguana barely misses you.
You hit the iguana.
The iguana is heavily wounded.
The iguana bites you!
Ouch! That really hurt!
You die...

######## #......#
#......# #......#
#......# ####......#
##########.)l......#
####......>...##@.....#
.....############.#####
....## ###.# .##..#
#...# #### .###.##
#.#####..# ## #..###
#.# #...# #####...#
####.####..## ..#####.#
#.......(..# #.รท####.#
#.##.###.###


You could see an iguana.

Vanquished Creatures
  A worker ant (D:2)
  An adder (D:2)
  2 oozes
  2 worms (D:2)
  A dart slug (D:1)
  3 leopard geckos
  A ball python (D:2)
  4 giant cockroaches
  3 goblins (D:1)
  8 hobgoblins
  2 jackals (D:1)
  A quokka (D:2)
  2 bats (D:1)
  2 frilled lizards
  2 kobolds (D:1)
  5 rats
40 creatures vanquished.

Notes
Turn   | Place    | Note
-------+----------+-------------------------------------------
     0 | D:1      | Kobolds4U the Spriggan Assassin began the quest for the
                  | Orb.
     0 | D:1      | Reached XP level 1. HP: 10/10 MP: 2/2
   482 | D:1      | Reached XP level 2. HP: 2/14 MP: 3/3
  1153 | D:1      | Reached skill level 6 in Stealth
  1279 | D:1      | Reached XP level 3. HP: 16/18 MP: 4/4
  2026 | D:2      | Reached skill level 7 in Stealth
  2063 | D:2      | Reached XP level 4. HP: 15/22 MP: 5/5
  2326 | D:2      | Slain by an iguana

Skill      XL: |  1  2  3 |
---------------+----------+-----
Short Blades   | 3 |  3.2
Dodging        | 2 3 |  3.5
Stealth        | 6 7 |  7.4
Fighting       | |  1.5
Throwing       | |  2.0

Action                   |  1- 3 |  4- 6 || total
-------------------------+-------+-------++-------
Melee: Dagger            |   161 |    23 ||   184
 Stab: Sleeping          |     8 |       ||     8
Armor: Robe              |    16 |       ||    16
Dodge: Dodged            |    99 |    12 ||   111
